 Dungeon Crawl Stone Soup version 0.31.0-12-g77e489cdc1 (webtiles) character file.

Game seed: 8188647260982452969

89 Gadfly the Insei (level 4, 0/35 HPs)
             Began as a Demonspawn Monk on Feb 12, 2024.
             Was an Initiate of Ru.
             Slain by a ribbon worm (1 damage)
             ... on level 3 of the Dungeon.
             The game lasted 00:05:28 (2204 turns).

Gadfly the Insei (Demonspawn Monk)                  Turns: 2204, Time: 00:05:29

Health: 0/35       AC:  7    Str: 16    XL:     4   Next: 31%
Magic:  4/4        EV: 13    Int: 11    God:    Ru [......]
Gold:   217        SH:  4    Dex: 15    Spells: 1/3 levels left

rFire   + .          .
                       - Unarmed
rCold   + . .        c - orb {light}
rNeg    . . .        b - +1 robe of the Volcano {Str+3}
rPois   +            (no helmet)
rElec   +            (no cloak)
rCorr   +            h - +2 pair of gloves
SInv    .            a - +0 pair of boots
Will    .....        f - amulet of faith
Stlth   +            m - ring of flight
HPRegen 0.25/turn    (no ring)
MPRegen 0.09/turn

%: faith
@: lethally poisoned (0 -> -4), resistant, flying, glowing
A: condensation shield
a: Renounce Religion


You were on level 3 of the Dungeon.
You worshipped Ru.
Ru was noncommittal.
You visited 1 branch of the dungeon, and saw 3 of its levels.

You collected 217 gold pieces.

Inventory:

Armour
 a - a +0 pair of boots (worn)
 b - the +1 robe of the Volcano (worn) {Str+3}
   (You found it on level 2 of the Dungeon)

   Str+3:     It affects your strength (+3).
 c - an orb of light (worn)
 h - a +2 pair of gloves (worn)
Jewellery
 f - an amulet of faith (around neck)
 m - a ring of flight (left hand)
Scrolls
 g - a scroll of enchant armour
 l - 2 scrolls of brand weapon


   Skills:
 - Level 3.0 Fighting
 + Level 3.1 Dodging
 * Level 3.3 Unarmed Combat
 * Level 1.9 Evocations
 * Level 1.5 Shapeshifting


You had one spell level left.
You knew the following spells:

 Your Spells              Type           Power      Damage    Failure   Level
a - Blink                 Tloc           0%         N/A       47%         2

Your spell library contained the following spells:

 Spells                   Type           Power      Damage    Failure   Level
 Magic Dart               Conj           0%         1d3       34%         1
 Slow                     Hex            0%         N/A       34%         1
 Call Imp                 Summ           0%         N/A       47%         2
 Cigotuvi's Dreadful Rot  Necr/Alch/Air  0%         N/A       47%         2
 Lesser Beckoning         Tloc           0%         N/A       47%         2
 Confusing Touch          Hex            0%         N/A       71%         3
 Gell's Gravitas          Tloc           0%         N/A       71%         3
 Sigil of Binding         Hex            0%         N/A       71%         3
 Teleport Other           Tloc           0%         N/A       71%         3
 Vampiric Draining        Necr           0%         2d6       71%         3
 Dispel Undead            Necr           0%         3d6       98%         4
 Martyr's Knell           Necr/Summ      0%         N/A       98%         4
 Death Channel            Necr           0%         N/A       100%        6


Dungeon Overview and Level Annotations

Branches:
Dungeon (3/15)

Altars:
Ru
Xom


Innate Abilities, Weirdness & Mutations

A meltable shield of frost defends you. (SH +4)


Message History

You hit the scorpion.
The scorpion is heavily wounded.
The scorpion stings you.
You hit the scorpion.
The scorpion is severely wounded.
The ribbon worm expels a string of sticky webbing.
The stream of webbing misses you.
The stream of webbing hits the scorpion but does no damage.
The scorpion is caught in a web!
The scorpion tears the web.
You barely miss the scorpion.
The scorpion is severely wounded.
The scorpion stings you.
You are poisoned.
The scorpion poisons you! The ribbon worm closely misses you.
You hit the scorpion.
The scorpion is severely wounded.
You feel very sick. The scorpion closely misses you. The ribbon worm bites you.
* * * LOW HITPOINT WARNING * * *
You barely miss the scorpion.
The scorpion is severely wounded.
* * * LOW HITPOINT WARNING * * *
You feel sick. The scorpion stings you.
* * * LOW HITPOINT WARNING * * *
You hit the scorpion but do no damage.
The scorpion is severely wounded.
* * * LOW HITPOINT WARNING * * *
You feel sick.
The scorpion stings you but does no damage.
The ribbon worm barely misses you. The scorpion closely misses you.
Unknown command.
You feel protected.
* * * LOW HITPOINT WARNING * * *
You feel sick. The ribbon worm barely misses you.
The scorpion stings you but does no damage.
You hit the scorpion.
The scorpion is almost dead.
* * * LOW HITPOINT WARNING * * *
You feel sick. The scorpion barely misses you. The ribbon worm bites you.
You die...

##. #..~~~ #. #...~#
#. #...~# #. #....#
#. #.... ### ## .r.
#'##### #w# #>†....
#@# #.####. ####s#
#.### #
#....##########...###
#....'...............
#..?.#####...........
#.#####.........####.
#. #>#.......# #. # #
#(...##...##.
#..^.#=..|##.


You could see a ribbon worm, a scorpion and a river rat.

Vanquished Creatures
  3 adders (D:2)
  An orc (D:3)
  4 bats
  4 endoplasms
  10 giant cockroaches
  3 goblins
  9 hobgoblins
  8 ball pythons
  7 kobolds
  6 rats
55 creatures vanquished.

Notes
Turn   | Place    | Note
-------+----------+-------------------------------------------
     0 | D:1      | Gadfly the Demonspawn Monk began the quest for the Orb.
     0 | D:1      | Reached XP level 1. HP: 18/18 MP: 1/1
   150 | D:1      | Gained mutation: A meltable shield of frost defends you.
                  | (SH +4) [demonic ancestry]
   150 | D:1      | Reached XP level 2. HP: 24/24 MP: 2/2
   295 | D:1      | Reached skill level 1 in Evocations
   544 | D:1      | Reached XP level 3. HP: 29/29 MP: 3/3
   550 | D:1      | Reached skill level 1 in Shapeshifting
  1028 | D:2      | Learned a level 2 spell: Blink
  1200 | D:2      | Reached XP level 4. HP: 29/35 MP: 4/4
  1202 | D:2      | Identified the +1 robe of the Volcano {Str+3}
  1450 | D:2      | Found a faded altar of an unknown god.
  1898 | D:3      | Found a sacrificial altar of Ru.
  1907 | D:3      | Became a worshipper of Ru the Awakened
  2153 | D:3      | Found a shimmering altar of Xom.
  2180 | D:3      | Noticed a scorpion
  2204 | D:3      | HP: 1/35 [poisoned by a scorpion]
  2204 | D:3      | Slain by a ribbon worm

Illustrated notes

Levels and vault maps discovered:
D:1:      amcnicky_arrival_blooded_trapdoor, layout_basic
D:2:      layout_basic, basic_ecumenical_altar, hangedman_decor_diamond_cutter
D:3:      layout_basic, general_overflow_altar, nicolae_overflow_crystal_walls,
          nicolae_ru_sacrificial_ziggurat, serial_rivers,
          chequers_serial_rivers_small_a, chequers_serial_rivers_micro_e,
          chequers_serial_rivers_large_b, chequers_serial_rivers_micro_b,
          chequers_serial_rivers_micro_e, lightli_sewer_entry_pipes,
          grunt_ministairs_2

Skill      XL: |  1  2  3 |
---------------+----------+-----
Evocations     | 1 |  1.9
Unarmed Combat | 3 |  3.3
Shapeshifting  | 1 |  1.5
Dodging        | 3 |  3.1
Fighting       | |  3.0

Action                     |  1- 3 |  4- 6 || total
---------------------------+-------+-------++-------
  Melee: Unarmed           |   140 |    73 ||   213
 Invoke: Reject Sacrifices |       |     1 ||     1
    Use: Scroll            |     5 |     5 ||    10
         Potion            |     1 |     4 ||     5
 Armour: Robe              |    75 |    45 ||   120
  Dodge: Dodged            |   108 |    47 ||   155
